 Dungeon Crawl Stone Soup version 0.30-a0-377-g5cb311bc9f (webtiles) character file.

Game seed: 11747574394185106379

50 stonewall the Poker (level 4, -3/35 HPs)
             Began as a Human Cinder Acolyte on Nov 29, 2022.
             Was a High Priest of Ignis.
             Slain by an iguana (10 damage)
             ... on level 2 of the Dungeon.
             The game lasted 00:03:18 (1493 turns).

stonewall the Poker (Human Cinder Acolyte)          Turns: 1493, Time: 00:03:19

Health: -3/35      AC: 10    Str: 16    XL:     4   Next: 4%
Magic:  5/5        EV: 11    Int: 15    God:    Ignis [*****.]
Gold:   77         SH:  0    Dex:  8    Spells: 5/5 levels left

rFire   + . .      SeeInvis .    a - -1 spear (flame)
rCold   . . .      Faith    .    (no shield)
rNeg    . . .      Spirit   .    k - +0 leather armour
rPois   .          Reflect  .    n - +0 hat
rElec   .          Harm     .    (no cloak)
rCorr   .          Rampage  .    (no gloves)
Will    .....                    (no boots)
Stlth   +.........               (no amulet)
HPRegen 0.25/turn                (no ring)
MPRegen 0.09/turn                (no ring)

@: fiery-armoured
A: no striking features
a: Renounce Religion, Fiery Armour, Foxfire Swarm, Rising Flame


You were on level 2 of the Dungeon.
You worshipped Ignis.
Ignis was extremely pleased with you.
You visited 1 branch of the dungeon, and saw 2 of its levels.

You collected 77 gold pieces.

Inventory:

Hand Weapons
 a - a -1 spear of flaming (weapon)
 i - a +0 dagger of venom
Armour
 b - a +0 robe
 k - a +0 leather armour (worn)
 n - a +0 hat (worn)
Scrolls
 c - a scroll of vulnerability {unknown}
 d - 2 scrolls of identify {unknown}
 e - a scroll of magic mapping {unknown}
 f - 3 scrolls of teleportation {unknown}
 h - a scroll of fear {unknown}
 l - a scroll of immolation {unknown}
 q - a scroll of poison {unknown}
Potions
 g - 2 potions of haste {unknown}
 j - a potion of curing
 m - 2 potions of brilliance {unknown}
 o - a potion of heal wounds {unknown}
 p - a potion of degeneration {unknown}


   Skills:
 - Level 3.0 Fighting
 + Level 4.6 Polearms
 - Level 1.0 Spellcasting
 - Level 3.0 Fire Magic


You had 5 spell levels left.
You didn't know any spells.
Your spell library contained the following spells:

 Spells                   Type           Power      Damage    Failure   Level
 Scorch                   Fire           18%        2d5       13%         2


Dungeon Overview and Level Annotations

Branches:
Dungeon (2/15)

Altars:


Message History

You are too injured to fight recklessly!
You are too injured to fight recklessly!
You are too injured to fight recklessly!
You are too injured to fight recklessly!
You are too injured to fight recklessly!
You are too injured to fight recklessly!
You are too injured to fight recklessly!
You are too injured to fight recklessly!
You are too injured to fight recklessly!
You are too injured to fight recklessly!
You hit the iguana but do no damage.
The iguana is heavily wounded.
The iguana closely misses you.
You hit the iguana but do no damage.
The iguana is heavily wounded.
The iguana bites you!
* * * LOW HITPOINT WARNING * * *
Okay, then.
It was a potion of curing.
You feel better. The iguana misses you.
You hit the iguana. You burn the iguana.
The iguana is severely wounded.
The iguana misses you.
You completely miss the iguana.
The iguana is severely wounded.
The iguana barely misses you.
You barely miss the iguana.
The iguana is heavily wounded.
The iguana bites you!
* * * LOW HITPOINT WARNING * * *
A protective cloak of flame settles atop you.
The iguana bites you.
* * * LOW HITPOINT WARNING * * *
The iguana is burned by your cloak of flames.
The iguana is severely wounded.
There is an escape hatch in the floor here.
The iguana attacks as you move away! The iguana barely misses you.
You closely miss the iguana. Your punch misses the iguana.
The iguana is severely wounded.
The iguana bites you!
You die...

#.# #.# ########
#.# .......# #.#
######.# #.# #.#
#.# #.# #># #.#
#l# #.# #@# #.#
#.# #.# #.# #.#
#.#### #.#
#....# #.#
####.#
#.############.#
#...)..........#
#.##############


You could see an iguana.

Vanquished Creatures
  An adder (D:2)
  A worm (D:2)
  A dart slug (D:2)
  4 bats
  4 endoplasms
  A giant cockroach (D:2)
  A goblin (D:2)
  5 hobgoblins
  3 kobolds
  6 ball pythons
  2 frilled lizards (D:1)
  5 rats
34 creatures vanquished.

Notes
Turn   | Place    | Note
-------+----------+-------------------------------------------
     0 | D:1      | stonewall the Human Cinder Acolyte began the quest for the
                  | Orb.
     0 | D:1      | Reached XP level 1. HP: 18/18 MP: 2/2
   121 | D:1      | Reached XP level 2. HP: 23/24 MP: 3/3
   731 | D:2      | Reached skill level 4 in Polearms
   731 | D:2      | Reached XP level 3. HP: 20/29 MP: 4/4
  1185 | D:2      | Reached XP level 4. HP: 27/35 MP: 5/5
  1493 | D:2      | Slain by an iguana

Illustrated notes

Levels and vault maps discovered:
D:1:      ebering_trefoil_twist, layout_basic
D:2:      layout_basic, patterned_corridor

Skill      XL: |  1  2 |
---------------+-------+-----
Polearms       | 4 |  4.6
Fighting       | |  3.0
Spellcasting   | |  1.0
Fire Magic     | |  3.0

Action                   |  1- 3 |  4- 6 || total
-------------------------+-------+-------++-------
Melee: Spear             |   132 |    17 ||   149
Invok: Fiery Armour      |       |     1 ||     1
  Use: Potion            |       |     1 ||     1
Armor: Robe              |     5 |       ||     5
       Leather armour    |    11 |     1 ||    12
Dodge: Dodged            |    47 |     7 ||    54

Table legend: (Time is in decaauts)
 A = Elapsed time spent in this place.
 B = Non-inter-level travel time spent in this place.
 C = Inter-level travel time spent in this place.
 D = Time resting spent in this place.
 E = Time spent auto-exploring this place.
 F = Levels seen in this place.
 G = Mean time per level.
                   A        B        C        D        E       F      G
               +--------+--------+--------+--------+--------+-----+--------+
         Total |   1479 |   1467 |     12 |     78 |   1104 |   2 |  739.5 |
       Dungeon |   1479 |   1467 |     12 |     78 |   1104 |   2 |  739.5 |
               +--------+--------+--------+--------+--------+-----+--------+

Top non-repeatable levels by time:
     D:2: 793 daAuts
     D:1: 686 daAuts
